Map: Orbital Shipyard

Players

oGsForGG - Winner!

  • Race: Terran Terran
  • League: Master

joypop

  • Race: Zerg Zerg
  • League: Master

VOD

Have the link to the VOD?

Description

Time

  • Played on: Nov. 28, 2015, 5:53 p.m.
  • Length: 7:30
Show
View Real Time Build Order
Export as new Build Order

oGsForGG Terran - Winner!

Build Orders: Reaper Expand, Hellion Banshee 

Get SALT Encoding   

  12  0:01  SCV  
  13  0:13  SCV  
  14  0:18  Supply Depot  
  14  0:25  SCV  
  15  0:40  SCV  
  15  0:41  Barracks  
  16  0:44  Refinery  
  16  0:52  SCV  
  17  1:04  SCV  
  18  1:16  SCV  
  19  1:29  Orbital Command  
  19  1:30  Reaper  
  20  1:42  Command Center  
  20  1:50  Supply Depot  
  20  1:55  SCV  
  21  2:02  Marine  
  21  2:07  SCV  
  23  2:09  Refinery  
  23  2:18  Factory  
  23  2:19  SCV  
  24  2:28  Barracks Reactor  
  24  2:31  SCV  
  25  2:43  SCV  
  26  2:55  SCV  
  26  2:56  Orbital Command  
  27  3:05  Starport  
  27  3:07  SCV  
  27  3:12  Hellion x2  
  32  3:14  Barracks Tech Lab  
  32  3:19  SCV  
  33  3:20  Supply Depot  
  33  3:22  SCV  
  34  3:31  SCV  
  34  3:34  SCV, Hellion x2  
  37  3:52  Banshee  
  37  3:54  Cloaking Field  
  43  3:55  Hellion  
  43  3:56  Hellion  
  43  3:57  SCV x2  
  43  3:58  Barracks Tech Lab  
  45  4:07  Supply Depot  
  45  4:09  SCV x2  
  47  4:16  Command Center  
  47  4:19  Stimpack  
  47  4:21  SCV x2  
  49  4:27  Barracks  
  49  4:29  Barracks  
  49  4:30  Factory Reactor  
  49  4:35  Banshee  
  52  4:39  SCV x2  
  52  4:42  Marine  
  52  4:43  Refinery  
  52  4:45  Refinery  
  49  4:55  SCV x2  
  49  4:59  Supply Depot  
  47  5:00  Marine  
  48  5:07  SCV x2  
  48  5:10  Engineering Bay  
  48  5:11  Engineering Bay  
  50  5:18  Marine  
  51  5:26  SCV x2  
  53  5:29  Marine x3  
  53  5:30  Marine  
  53  5:31  Starport Reactor, Siege Tank, Orbital Command  
  60  5:36  Marine  
  61  5:43  SCV x2  
  63  5:53  Marine x4  
  63  5:54  Marine  
  68  6:03  Siege Tank  
  67  6:11  Marine x5  
  39  6:29  Marine x5  
  41  6:33  SCV x3  
  41  6:35  Siege Tank  
  42  6:47  Marine x3  
  42  6:50  SCV  
  43  6:59  Marine x2  
  42  7:04  Marine x2  
  42  7:09  Marine  
Show
View Real Time Build Order
Export as new Build Order

joypop Zerg 

Build Orders: Hatch First 

Get SALT Encoding   

  12  0:00  Drone  
  13  0:12  Overlord  
  13  0:16  Drone  
  14  0:30  Drone x2  
  14  0:34  Drone  
  17  0:45  Drone  
  18  0:55  Hatchery  
  17  0:57  Drone  
  18  1:06  Drone  
  19  1:12  Extractor  
  19  1:18  Drone  
  19  1:27  Overlord  
  19  1:52  Spawning Pool  
  18  2:00  Drone x2  
  20  2:19  Drone  
  20  2:40  Metabolic Boost, Queen x2, Zergling x12  
  28  2:52  Overlord x2  
  28  2:56  Spore Crawler  
  26  3:04  Drone x2  
  28  3:09  Roach Warren  
  28  3:11  Extractor  
  27  3:13  Drone x2  
  29  3:23  Drone  
  29  3:25  Drone  
  31  3:36  Spore Crawler  
  29  3:41  Drone x2  
  29  3:50  Drone x3  
  29  3:52  Drone x5  
  34  4:00  Overlord x2  
  34  4:10  Roach  
  34  4:12  Roach  
  38  4:23  Roach x4  
  38  4:24  Roach  
  48  4:26  Roach  
  50  4:37  Overlord x2  
  50  4:51  Zergling x2  
  50  4:52  Zergling x8  
  53  4:57  Zergling x6  
  53  4:59  Zergling x2  
  56  5:08  Zergling x2  
  56  5:09  Zergling x2  
  56  5:13  Zergling x2  
  58  5:26  Spore Crawler  
  55  5:32  Ravager x5  
  55  5:34  Ravager  
  61  5:40  Spore Crawler  
  61  5:41  Zergling x12  
  62  5:45  Zergling x2  
  53  6:08  Zergling x12  
  53  6:09  Zergling x2  
  51  6:22  Zergling x8  
  46  6:34  Zergling x2  
  46  6:38  Zergling x6  
  43  6:43  Zergling x6  
  39  6:54  Drone x2  
  35  7:07  Drone x2  
  36  7:13  Drone x2  
Tags
 
Add a new tag
Caveats
  • Supply blocks, unpowered buildings, or Contaminate may cause inaccurate times.
  • Supply counts are checked every 10 seconds.